 Dungeon Crawl Stone Soup version 0.21.1-1-g345015fe64 (webtiles) character file.

221 CaptDreibein the Chopper (level 5, -7/39 HPs)
             Began as a Demonspawn Gladiator on July 3, 2018.
             Killed by nerve-wracking pain
             ... invoked by an orc priest
              (13 damage)
             ... on level 2 of the Dungeon.
             The game lasted 00:04:37 (1767 turns).

CaptDreibein the Chopper (Demonspawn Gladiator)     Turns: 1767, Time: 00:04:37

Health: -7/39      AC:  6    Str: 15    XL:     5   Next: 65%
Magic:  5/5        EV: 12    Int: 10    God:
Gold:   49         SH:  0    Dex: 14    Spells: 4/4 levels left

rFire    + . .     SeeInvis .   o - +0 scythe
rCold    . . .     Gourm    .   (shield currently unavailable)
rNeg     . . .     Faith    .   j - +1 ring mail {rF+}
rPois    .         Spirit   .   (helmet restricted)
rElec    .         Reflect  .   (no cloak)
rCorr    .         Harm     .   (no gloves)
MR       .....                  (no boots)
Stlth    +.........             (no amulet)
HPRegen  0.13/turn              (no ring)
MPRegen  0.09/turn              (no ring)

@: no status effects
A: antennae 1, rot immunity, sturdy frame 1
a: no special abilities


You were on level 2 of the Dungeon.
You were not hungry.

You visited 1 branch of the dungeon, and saw 2 of its levels.

You collected 49 gold pieces.

Inventory:

Hand Weapons
 a - a +0 war axe
 m - a +0 whip of electrocution
 o - a +0 scythe (weapon)
Armour
 j - a +1 ring mail of fire resistance (worn)
Scrolls
 b - a scroll of blinking {unknown}
 c - a scroll of enchant weapon {unknown}
 d - 2 scrolls of fear {unknown}
 e - 2 scrolls of teleportation {unknown}
 h - a scroll of fog {unknown}
 i - a scroll of remove curse {unknown}
 k - a scroll of amnesia {unknown}
 l - 3 scrolls of identify {unknown}
Potions
 g - a potion of lignification {unknown}
Comestibles
 f - 4 rations
 n - 9 chunks of flesh


   Skills:
 + Level 2.6 Fighting
 + Level 3.6(4.0) Axes
 + Level 2.3(3.3) Maces & Flails
 + Level 0.1(2.1) Polearms
 + Level 2.0 Throwing
 + Level 2.0 Armour
 + Level 3.3 Dodging
 + Level 0.3 Stealth


You had 4 spell levels left.
You didn't know any spells.

Dungeon Overview and Level Annotations

Branches:
Dungeon (2/15)

Altars:


Innate Abilities, Weirdness & Mutations

You have a pair of small antennae on your head.
You are immune to rotting.
Your movements are slightly less encumbered by armour. (ER -2)


Message History

The orc priest looks braver for a moment.
You see here a dagger.
You hit the orc priest.
The orc priest is almost dead.
The orc priest barely misses you. The orc priest hits you with a trident.
* * * LOW HITPOINT WARNING * * *
You closely miss the orc priest.
The orc priest is almost dead.
The orc priest hits you but does no damage.
Your ring mail prevents you from hitting the orc priest.
The orc priest is almost dead.
The orc priest hits you with a trident.
* * * LOW HITPOINT WARNING * * *
The orc priest barely misses you.
You hit the orc priest but do no damage.
The orc priest is almost dead.
The orc priest hits you but does no damage.
The orc priest calls down the wrath of Beogh upon you.
Pain shoots through your body!
You die...

#################
#>..............####
#.#####.....@o......
# #(# #.###.#.....?.
#####)#####.#
#.###.####
.#..........###.# #
#....(..........#
.#.##.#####......
............#####
###.#.####### #.#.#


You could see an orc priest.

Vanquished Creatures
  Sigmund (D:2)
  Robin (D:2)
  A worm (D:2)
  3 dart slugs
  A leopard gecko (D:1)
  An orc (D:2)
  A giant cockroach (D:1)
  13 goblins
  5 hobgoblins
  4 jackals (D:2)
  3 kobolds
  A bat (D:1)
  A frilled lizard (D:1)
  A quokka skeleton (D:2)
  4 rats
41 creatures vanquished.

Notes
Turn   | Place    | Note
-------+----------+-------------------------------------------
     0 | D:1      | CaptDreibein the Demonspawn Gladiator began the quest for the Orb.
     0 | D:1      | Reached XP level 1. HP: 16/16 MP: 1/1
   351 | D:1      | Gained mutation: You have a pair of small antennae on your head. [demonic ancestry]
   351 | D:1      | Reached XP level 2. HP: 22/22 MP: 2/2
  1290 | D:2      | Gained mutation: Your movements are slightly less encumbered by armour. (ER -2) [demonic ancestry]
  1290 | D:2      | Reached XP level 3. HP: 25/27 MP: 3/3
  1418 | D:2      | Noticed Robin
  1430 | D:2      | Killed Robin
  1583 | D:2      | Noticed Sigmund
  1599 | D:2      | Killed Sigmund
  1599 | D:2      | Reached skill level 1 in Armour
  1599 | D:2      | Gained mutation: You are immune to rotting. [demonic ancestry]
  1599 | D:2      | Reached XP level 4. HP: 18/34 MP: 4/4
  1599 | D:2      | Reached XP level 5. HP: 21/39 MP: 5/5
  1767 | D:2      | Killed from afar by an orc priest

Skill      XL: |  1  2  3  4  5 |
---------------+----------------+-----
Axes           | 3 |  3.6
Dodging        | 3 |  3.3
Maces & Flails | 2 |  2.3
Throwing       | 2 |  2.0
Armour         | 1 2 |  2.0
Fighting       | |  2.6
Polearms       | |  0.1
Stealth        | |  0.3

Action                   |  1- 3 |  4- 6 || total
-------------------------+-------+-------++-------
Melee: War axe           |    15 |       ||    15
       Whip              |    92 |     5 ||    97
       Scythe            |       |    14 ||    14
Throw: Throwing net      |     5 |       ||     5
 Stab: Held in net/web   |     1 |       ||     1
  Eat: Chunk             |     2 |     1 ||     3
Armor: Leather armour    |     8 |       ||     8
       Ring mail         |    16 |     7 ||    23
Dodge: Dodged            |    62 |     9 ||    71
